AoeStats
← Clueless Clown

Pilgrims

508758777Analyzed
4v4 RM · 7d ago on Sep 23, 2026· 36m 51s· 8 players
Game mode
Random Map
Map size
Large (8 player)
Population
200
Speed
Normal
Resources
Standard
Victory
Conquest
Starting age
Dark Age
Ending age
Imperial Age
RankedLock teamsTeams togetherTeam positionsShared explorationLock speedFull tech treeHidden civsTurbo modeCheats
Victory
Defeat
🇦🇺 Vikings · Australia
1130
+14
🇫🇷 Huns · France
1097
+15
🇧🇷 Japanese · Brazil
1068
+16
🇺🇸 Varangians · United States
1052
+17
🇺🇸 Saxons · United States
1092
-16
🇨🇴 Franks · Colombia
1085
-16
🇺🇸 Huns · United States
1070
-15
🇨🇦 Varangians · Canada
1054
-15
Clueless Clown
9:54 Feudal Age
10:30 Loom
14:19 Castle Age
12:50 Fishing Lines
13:35 Double-Bit Axe
14:34 Forging
15:12 Medium Warships
16:31 Fletching
18:15 Bodkin Arrow
20:28 Gambesons
21:01 Horse Collar
23:57 Wheelbarrow
23:41 Scale Mail Armor
25:54 Gambesons
26:40 Chain Mail Armor
eward17
3:56 Loom
tequilamockingbird
13:38 Feudal Age
16:04 Horse Collar
21:02 Castle Age
22:17 Heavy Plow
22:06 Double-Bit Axe
23:19 Bow Saw
23:48 Scale Barding Armor
26:09 Chain Barding Armor
Oregonfail
5:07 Loom
12:35 Feudal Age
13:29 Double-Bit Axe
19:51 Castle Age
19:15 Scale Barding Armor
19:55 Gold Mining
EaterOfAnts5997
12:04 Feudal Age
12:32 Loom
12:47 Fishing Lines
13:36 Double-Bit Axe
18:22 Castle Age
16:52 Forging
16:33 Fletching
19:37 Bow Saw
19:28 Gold Mining
20:18 Medium Warships
20:07 Town Watch
20:58 Wheelbarrow
22:03 Bodkin Arrow
22:44 Iron Casting
23:09 Hand Cart
24:10 Careening
24:08 Siphons
25:51 Gillnets
26:47 Clinker Construction
26:58 Ballistics
31:58 Imperial Age
29:30 Town Patrol
29:40 Horse Collar
31:09 Scale Mail Armor
33:26 Chain Mail Armor
34:12 Blast Furnace
33:11 Stone Mining
34:24 Two-Man Saw
33:33 Elite Varangian Guard
34:14 Squires
34:00 Gambesons
34:01 Arson
34:57 Plate Mail Armor
36:00 Gothikon
37:02 Conscription
Mirshal
5:36 Loom
14:45 Feudal Age
16:52 Fishing Lines
19:28 Castle Age
18:06 Double-Bit Axe
18:13 Gold Mining
19:20 Horse Collar
20:21 Fletching
20:31 Padded Archer Armor
21:59 Leather Archer Armor
22:58 Bodkin Arrow
25:17 Bloodlines
25:09 Husbandry
25:31 Ballistics
33:49 Wheelbarrow
35:12 Hand Cart
35:09 Bow Saw
39:21 Imperial Age
StandingTall
4:44 Loom
11:12 Feudal Age
11:43 Man-at-Arms
14:21 Horse Collar
15:10 Fishing Lines
18:40 Forging
21:17 Castle Age
19:06 Arson
19:24 Scale Mail Armor
20:39 Double-Bit Axe
22:16 Squires
21:37 Pikeman
23:58 Iron Casting
23:37 Stone Mining
24:59 Gold Mining
34:46 Imperial Age
33:43 Bow Saw
33:54 Chain Mail Armor
37:16 Conscription
Sinbad
8:06 Loom
12:13 Feudal Age
13:06 Fishing Lines
13:23 Double-Bit Axe
17:00 Castle Age
14:53 Gold Mining
15:57 Forging
15:48 Scale Mail Armor
15:39 Fletching
15:35 Horse Collar
17:24 Stone Mining
18:03 Chain Mail Armor
18:07 Medium Warships
20:45 Bow Saw
22:10 Gillnets
23:23 Wheelbarrow
23:01 Clinker Construction
23:30 Gold Shaft Mining
25:03 Careening
28:53 Scale Barding Armor
29:26 Iron Casting
30:52 Hand Cart
30:42 Town Watch
34:12 Imperial Age
32:04 Bodkin Arrow
34:26 Elite Samurai
35:31 Conscription
35:59 Plate Mail Armor
36:29 Blast Furnace
36:40 Two-Man Saw
37:26 Chemistry
Connection lost

Rejoining the realm…

Still unreachable

The connection could not be restored.

Session expired

The server has moved on; the page needs a fresh start.